 Dungeon Crawl Stone Soup version 0.29.1-15-g9cfb28693d (webtiles) character file.

Game seed: 9479013126732042872

146 Thatpatchoflichen the Trooper (level 5, 0/42 HPs)
             Began as a Human Monk on Mar 4, 2023.
             Slain by a gnoll
             ... wielding a +0 flail
              (6 damage)
             ... on level 4 of the Dungeon.
             The game lasted 00:06:52 (3847 turns).

Thatpatchoflichen the Trooper (Human Monk)          Turns: 3847, Time: 00:06:53

Health: 0/42       AC:  5    Str: 11    XL:     5   Next: 53%
Magic:  5/5        EV: 12    Int: 11    God:
Gold:   185        SH:  0    Dex: 17    Spells: 4/4 levels left

rFire   . . .      SeeInvis .   a - +0 falchion
rCold   . . .      Faith    .   (no shield)
rNeg    . . .      Spirit   .   d - +0 ring mail of Noughts and Crosses {rElec Will+ Regen+}
rPois   .          Reflect  .   (no helmet)
rElec   +          Harm     .   (no cloak)
rCorr   .          Rampage  .   (no gloves)
Will    +....                   (no boots)
Stlth   +.........              (no amulet)
HPRegen 0.94/turn               (no ring)
MPRegen 0.09/turn               (no ring)

@: hasted, very quick
A: no striking features
a: no special abilities


You were on level 4 of the Dungeon.
You visited 1 branch of the dungeon, and saw 4 of its levels.

You collected 185 gold pieces.

Inventory:

Hand Weapons
 a - a +0 falchion (weapon)
Missiles
 n - 2 boomerangs (quivered)
 p - 8 poisoned darts
Armour
 b - a +0 robe
 d - the +0 ring mail of Noughts and Crosses (worn) {rElec Will+ Regen+}
   (You found it on level 4 of the Dungeon)

   rElec:     It insulates you from electricity.
   Regen:     It increases your rate of health regeneration.
   Will:      It increases your willpower.
 k - a +0 ring mail
 l - a +0 scale mail
Jewellery
 j - a ring of fire
 w - a ring of positive energy
Wands
 x - a wand of paralysis (7)
Scrolls
 e - a scroll of enchant weapon {unknown}
 f - 3 scrolls of amnesia {unknown}
 g - 2 scrolls of poison {unknown}
 h - a scroll of acquirement {unknown}
 o - 2 scrolls of vulnerability {unknown}
 s - a scroll of noise {unknown}
Potions
 c - 2 potions of ambrosia
 i - 7 potions of curing
 m - 2 potions of lignification
 q - a potion of resistance
 r - a potion of magic
 u - a potion of cancellation
 v - a potion of attraction {unknown}
 z - a potion of invisibility {unknown}


   Skills:
 - Level 4.0 Fighting
 + Level 3.9 Long Blades
 + Level 1.6 Armour
 + Level 3.9 Dodging
 - Level 2.0 Stealth


You had 4 spell levels left.
You didn't know any spells.
Your spell library contained the following spells:

 Spells                   Type           Power      Damage    Failure   Level
 Ensorcelled Hibernation  Hex/Ice        0%         N/A       77%         2
 Passwall                 Tmut/Erth      0%         N/A       77%         2
 Poisonous Vapours        Pois/Air       0%         N/A       77%         2
 Swiftness                Air            0%         N/A       94%         3
 Corpse Rot               Necr/Pois/Air  0%         N/A       100%        4


Dungeon Overview and Level Annotations

Branches:
Dungeon (4/15)
 Temple: D:4-7

Altars:
Elyvilon
Okawaru
Trog
Zin
The Shining One


Message History

You hit the endoplasm.
The endoplasm is heavily wounded.
The endoplasm completely misses you.
You slash the endoplasm!
You kill the endoplasm!
The dart slug launches a dart at you. The slug dart misses you.
You hit the dart slug but do no damage. The dart slug launches a dart at you.
The slug dart misses you.
You hit the dart slug.
The dart slug is heavily wounded.
The dart slug bites you.
You slash the dart slug!
You kill the dart slug!
z - a red potion You see here a +0 robe.
i - 7 potions of curing (gained 1)
Found a bloodstained altar of Trog.
A gnoll comes into view. It is wielding a +0 flail.
A gnoll comes into view. It is wielding a +0 flail.
The gnoll shouts! x2; You hear a shout!
A gnoll comes into view. It is wielding a +0 halberd.
Found a dagger.
The gnoll hits you with a +0 flail!
You hit the gnoll but do no damage. The gnoll hits you with a +0 flail!
You hit the gnoll.
The gnoll is moderately wounded.
The gnoll hits you with a +0 flail!
A hobgoblin comes into view.
You barely miss the gnoll.
The gnoll is moderately wounded.
The gnoll hits you with a +0 flail. The gnoll barely misses you.
The gnoll attacks as you move away! The gnoll hits you with a +0 flail.
* * * LOW HITPOINT WARNING * * *
The gnoll attacks as you move away! The gnoll hits you with a +0 flail.
* * * LOW HITPOINT WARNING * * *
The gnoll attacks as you move away! The gnoll hits you with a +0 flail!
* * * LOW HITPOINT WARNING * * *
You feel yourself speed up. The gnoll hits you with a +0 flail.
You die...

.. #.# .#+# #.#
.#.# ##### #.#
.#.# ..... #.#
.#.# ##. #.# #.#
.#.# #.. ._. #g#
.#.# #.# #.# #g#
...# #.# #.# #g#
...###.# #.# #@#
.......###.# #.#
...........# #.#
..########.#####.#
.................#
#.################
#.# #. #.


You could see 3 gnolls.

Vanquished Creatures
  The ghost of user425776 the Insei, a weakling OpTm (D:3)
  5 adders
  4 worms
  3 dart slugs
  5 orcs
  7 ball pythons
  4 bats
  5 endoplasms
  5 giant cockroaches
  4 goblins
  4 hobgoblins
  4 jackals
  2 quokkas
  2 frilled lizards (D:2)
  2 kobolds
  6 rats
63 creatures vanquished.

Notes
Turn   | Place    | Note
-------+----------+-------------------------------------------
     0 | D:1      | Thatpatchoflichen the Human Monk began the quest for the
                  | Orb.
     0 | D:1      | Reached XP level 1. HP: 18/18 MP: 1/1
    14 | D:1      | Found a faded altar of an unknown god.
   167 | D:1      | Reached XP level 2. HP: 24/24 MP: 2/2
   555 | D:1      | Reached XP level 3. HP: 17/29 MP: 3/3
  1367 | D:2      | Reached XP level 4. HP: 19/35 MP: 4/4
  2243 | D:3      | Reached skill level 1 in Armour
  2921 | D:3      | Found a glowing silver altar of Zin.
  2921 | D:3      | Found a glowing golden altar of the Shining One.
  2924 | D:3      | Found a white marble altar of Elyvilon.
  3126 | D:3      | Reached XP level 5. HP: 42/42 MP: 5/5
  3146 | D:3      | Noticed user425776's ghost (weakling OpTm)
  3147 | D:3      | Found a runed translucent door.
  3172 | D:3      | Killed user425776's ghost
  3537 | D:4      | Identified the +0 ring mail of Noughts and Crosses {rElec
                  | Will+ Regen+}
  3595 | D:4      | Reached skill level 4 in Fighting
  3690 | D:4      | Found an iron altar of Okawaru.
  3814 | D:4      | Found a bloodstained altar of Trog.
  3847 | D:4      | Slain by a gnoll

Illustrated notes

Levels and vault maps discovered:
D:1:      dpeg_arrival_arbitrary_b, layout_loops_cross,
          chequers_ecumenical_altar_simple_redux
D:2:      layout_basic, corexii_hall_statues_t, minmay_pentomino_w2
D:3:      layout_loops_ring, dreamdust_divine_triumvirate,
          hellmonk_ghost_happy_afterlife
D:4:      layout_basic, okawaru_trees_2, lemuel_crystal_altar,
          ebering_ghost_reflecting_pool

Skill      XL: |  1  2  3  4  5 |
---------------+----------------+-----
Armour         | 1 |  1.6
Fighting       | 4 |  4.0
Long Blades    | |  3.9
Dodging        | |  3.9
Stealth        | |  2.0

Action                   |  1- 3 |  4- 6 || total
-------------------------+-------+-------++-------
Melee: Falchion          |    87 |   132 ||   219
       Punch             |     1 |     3 ||     4
  Use: Scroll            |       |     6 ||     6
       Potion            |       |     1 ||     1
 Stab: Sleeping          |     3 |     3 ||     6
Armor: Robe              |    16 |       ||    16
       Ring mail         |    10 |    26 ||    36
Dodge: Dodged            |    63 |    74 ||   137
